 Dungeon Crawl Stone Soup version 0.30-a0-509-gd016549fea (webtiles) character file.

Game seed: 11032836078505386046

9 experimilk the Conjurer (level 2, 20/20 HPs)
             Began as a Draconian Conjurer on Dec 23, 2022.
             Was a High Priest of Ignis.
             Got out of the dungeon alive.
             The game lasted 00:01:37 (559 turns).

experimilk the Conjurer (Draconian Conjurer)         Turns: 559, Time: 00:01:37

Health: 20/20      AC:  4    Str:  9    XL:     2   Next: 6%
Magic:  5/5        EV: 12    Int: 18    God:    Ignis [*****.]
Gold:   0          SH:  0    Dex:  9    Spells: 2/5 levels left

rFire   + . .      SeeInvis .    b - +0 spear
rCold   . . .      Faith    .    (no shield)
rNeg    . . .      Spirit   .    (body armour unavailable)
rPois   .          Reflect  .    (helmet restricted)
rElec   .          Harm     .    (no cloak)
rCorr   .          Rampage  .    (no gloves)
Will    .....                    (no boots)
Stlth   ++........               (no amulet)
HPRegen 0.23/turn                (no ring)
MPRegen 0.09/turn                (no ring)

@: no status effects
A: AC +4, unfitting armour, cold-blooded
a: Renounce Religion, Fiery Armour, Foxfire Swarm, Rising Flame


You escaped.
You worshipped Ignis.
Ignis was extremely pleased with you.
You visited 1 branch of the dungeon, and saw 1 of its levels.

Inventory:

Hand Weapons
 b - a +0 spear (weapon)
Armour
 d - a +1 pair of boots
Scrolls
 e - a scroll of identify {unknown}
Potions
 a - a potion of magic
 c - a potion of lignification {unknown}
 f - a potion of resistance {unknown}


   Skills:
 - Level 1.7 Dodging
 - Level 1.7 Stealth
 + Level 2.2 Spellcasting
 * Level 4.3 Conjurations


You had 2 spell levels left.
You knew the following spells:

 Your Spells              Type           Power      Damage    Failure   Level
a - Magic Dart            Conj           68%        1d6       3%          1
z - Searing Ray           Conj           34%        2d5       4%          2

Your spell library contained the following spells:

 Spells                   Type           Power      Damage    Failure   Level
 Slow                     Hex            4%         N/A       19%         1
 Dazzling Flash           Conj/Hex       18%        N/A       22%         3
 Fulminant Prism          Conj/Hex       4%         3d5       58%         4
 Iskenderun's Mystic Bla  Conj/Tloc      9%         2d4       58%         4


Dungeon Overview and Level Annotations

Branches:
Dungeon (1/15)

Altars:
Ignis


Innate Abilities, Weirdness & Mutations

Your plain brown scales are hard. (AC +4)
You cannot fit into any form of body armour.
You are cold-blooded and may be slowed by cold attacks.


Message History

The magic dart hits the hobgoblin.
You kill the hobgoblin!
You have reached level 2!
Found a stone staircase leading down.
Memorise Searing Ray, consuming 2 spell levels and leaving 2?
You start memorising the spell.
You continue memorising. x2
You finish memorising.
Spell assigned to 'b'.
Adjust (i)tems, (s)pells, or (a)bilities?
Adjust which spell? b - Searing Ray Adjust to which letter? z - Searing Ray You see here 2 stones.
A bat comes into view.
The bat moves out of view.
A bat is nearby!
You miscast Magic Dart.
You are very lightly contaminated with residual magic.
Nothing appears to happen.
The magic dart hits the bat.
You kill the bat!
Your magical contamination has completely faded away.
e - a scroll labelled POZXABR YZEVON
Found a stone staircase leading down.
Found a faded altar of an unknown god.
You pick up Plato's Monograph on Execration and begin reading...
You add the spell Slow to your library.
There is a faded altar of an unknown god here.
Okay, then.
f - a silvery potion
There is a faded altar of an unknown god here.
This altar belongs to (a) Trog, (b) Ignis or (c) Gozag, but you can't tell which.
Press the corresponding letter to learn more about a god, or press enter to convert or escape to cancel.
Ignis accepts your prayer! Ignis welcomes you!
You see here a frilled lizard skeleton.
There is an open door here.
There is an open door here.
There is a staircase leading out of the dungeon here.
Are you sure you want to leave the Dungeon?
This will make you lose the game!
You have escaped!

#.# #)###. #.# #.# #. #.#
#.# #. #.######.###.
#.#...##...#.
#............
#............
########............
#..@..#.............
#.....#............÷
#.....#.##...##.....
#########'############.#..
~~~~~~~~~.~~~~~~~~~ #.##.
#~..♣PPP♣♣P~.~PPP♣.P♣♣
#.##.
#~♣PP♣PP♣♣♣~.~PPP♣PPPP
#.##.
#~~~~~~~~~~~.~~~~~~~~~
####.
#~~~~~~~~~.....~~~~~~~ #.


There were no monsters in sight!

Vanquished Creatures
  A giant cockroach (D:1)
  A hobgoblin (D:1)
  A ball python (D:1)
  3 bats (D:1)
  2 frilled lizards (D:1)
  A goblin (D:1)
  2 kobolds (D:1)
  A rat (D:1)
12 creatures vanquished.

Vanquished Creatures (others)
  A plant (D:1)
1 creature vanquished.

Grand Total: 13 creatures vanquished

Notes
Turn   | Place    | Note
-------+----------+-------------------------------------------
     0 | D:1      | experimilk the Draconian Conjurer began the quest for the
                  | Orb.
     0 | D:1      | Reached XP level 1. HP: 14/14 MP: 3/3
   363 | D:1      | Reached XP level 2. HP: 20/20 MP: 3/5
   392 | D:1      | Learned a level 2 spell: Searing Ray
   445 | D:1      | Found a faded altar of an unknown god.
   449 | D:1      | Got Plato's Monograph on Execration
   488 | D:1      | Prayed at the altar of an unknown god.
   488 | D:1      | Became a worshipper of Ignis, the Dying Flame
   559 | D:$      | Got out of the dungeon alive.

Illustrated notes

Levels and vault maps discovered:
D:1:      lightli_arrival_farm, layout_rooms,
          shapermc_ecumenical_altar_rom_forum

Action                   || total
-------------------------++-------
 Cast: Magic Dart        ||    20
Dodge: Dodged            ||     2

Table legend: (Time is in decaauts)
 A = Elapsed time spent in this place.
 B = Non-inter-level travel time spent in this place.
 C = Inter-level travel time spent in this place.
 D = Time resting spent in this place.
 E = Time spent auto-exploring this place.
 F = Levels seen in this place.
 G = Mean time per level.
                   A        B        C        D        E       F      G
               +--------+--------+--------+--------+--------+-----+--------+
         Total |    568 |    482 |     86 |      0 |    417 |   1 |  568.0 |
       Dungeon |    568 |    482 |     86 |      0 |    417 |   1 |  568.0 |
               +--------+--------+--------+--------+--------+-----+--------+

Top non-repeatable levels by time:
     D:1: 568 daAuts
